 Dungeon Crawl Stone Soup version 0.29.1-15-g9cfb28693d (webtiles) character file.

Game seed: 15346597944405718403

1726 Peloso the Protected (level 8, -3/70 HPs)
             Began as a Minotaur Fighter on Mar 11, 2023.
             Was an Initiate of Okawaru.
             Slain by Duvessa
             ... wielding a +4 short sword of venom
              (11 damage)
             ... on level 6 of the Dungeon.
             The game lasted 00:11:52 (6898 turns).

Peloso the Protected (Minotaur Fighter)             Turns: 6898, Time: 00:11:55

Health: -3/70      AC: 15    Str: 21    XL:     8   Next: 75%
Magic:  7/7        EV:  6    Int:  5    God:    Okawaru [......]
Gold:   239        SH:  5    Dex: 12    Spells: 7/7 levels left

rFire   + . .      SeeInvis .   a - +0 long sword
rCold   + . .      Faith    .   d - +0 buckler
rNeg    . . .      Spirit   .   o - +0 plate armour
rPois   .          Reflect  .   (helmet restricted)
rElec   .          Harm     .   x - scarf {rC+ rF+}
rCorr   .          Rampage  .   (no gloves)
Will    .....                   y - +0 pair of boots
Stlth   ..........              (no amulet)
HPRegen 0.21/turn               (no ring)
MPRegen 0.10/turn               (no ring)

@: lethally poisoned (-3 -> -15)
A: horns 2, retaliatory headbutt
a: Renounce Religion


You were on level 6 of the Dungeon.
You worshipped Okawaru.
Okawaru was noncommittal.
You visited 2 branches of the dungeon, and saw 7 of its levels.

You collected 272 gold pieces.
You spent 33 gold pieces at shops.

Inventory:

Hand Weapons
 a - a +0 long sword (weapon)
Missiles
 s - 3 throwing nets (quivered)
Armour
 b - a +0 scale mail
 c - a +0 chain mail
 d - a +0 buckler (worn)
 o - a +0 plate armour (worn)
 x - a scarf of resistance (worn)
 y - a +0 pair of boots (worn)
Jewellery
 p - an amulet of magic regeneration
Wands
 w - a wand of flame (22)
Scrolls
 e - 3 scrolls of fear
 g - 2 scrolls of fog
 h - 2 scrolls of immolation {unknown}
 k - 2 scrolls of noise
 m - 2 scrolls of teleportation {unknown}
 n - a scroll of blinking {unknown}
 q - a scroll of silence
 r - a scroll of amnesia {unknown}
 v - a scroll of poison {unknown}
 z - a scroll of identify
Potions
 f - a potion of might
 i - 2 potions of cancellation
 j - 2 potions of curing
 l - a potion of invisibility
 t - a potion of ambrosia
 u - a potion of flight
 A - 2 potions of brilliance {unknown}


   Skills:
 + Level 6.1 Fighting
 + Level 8.0 Long Blades
 + Level 9.4 Armour
 + Level 0.9 Dodging
 + Level 0.5 Stealth
 + Level 5.8 Shields


You had 7 spell levels left.
You didn't know any spells.
Your spell library contained the following spells:

 Spells                   Type           Power      Damage    Failure   Level
 Shock                    Conj/Air       0%         1d3       100%        1
 Blink                    Tloc           0%         N/A       100%        2
 Ensorcelled Hibernation  Hex/Ice        0%         N/A       100%        2
 Passwall                 Tmut/Erth      0%         N/A       100%        2
 Lesser Beckoning         Tloc           0%         N/A       100%        3
 Swiftness                Air            0%         N/A       100%        3
 Airstrike                Air            0%         2d(0-16)  100%        4
 Manifold Assault         Tloc           0%         N/A       100%        5
 Orb of Destruction       Conj           0%         9d5       100%        7
 Summon Guardian Golem    Hex/Summ       Unusable   N/A       N/A         3
 Spellforged Servitor     Conj/Summ      Unusable   N/A       N/A         7

Dungeon Overview and Level Annotations

Branches:
Dungeon (6/15)             Temple (1/1) D:6

Altars:
Cheibriados
Dithmenos
Makhleb
Nemelex Xobeh
Okawaru
Qazlal
Trog
Uskayaw
Vehumet
Wu Jian

Shops:
D:2 [?

Annotations:
D:6 Duvessa


Innate Abilities, Weirdness & Mutations

You have a pair of horns on your head.
You reflexively headbutt those who attack you in melee.


Message History

Duvessa is moderately wounded.
You feel very sick. You block Duvessa's attack.
You slash Duvessa!
Duvessa is heavily wounded.
You feel very sick. You block Duvessa's attack. Duvessa closely misses you.
You closely miss Duvessa.
Duvessa is heavily wounded.
You feel very sick.
Duvessa hits you with a +4 short sword of venom.
You barely miss Duvessa.
Duvessa is heavily wounded.
You feel very sick.
Duvessa hits you with a +4 short sword of venom!
You are more poisoned.
Duvessa hits you but does no damage.
You hit Duvessa. You headbutt Duvessa.
Duvessa is severely wounded.
You feel very sick.
Duvessa hits you with a +4 short sword of venom!
You are more poisoned.
Duvessa hits you with a +4 short sword of venom!
* * * LOW HITPOINT WARNING * * *
You feel better. You block Duvessa's attack.
You hit Duvessa but do no damage. You headbutt Duvessa.
Duvessa is severely wounded.
Duvessa hits you with a +4 short sword of venom.
* * * LOW HITPOINT WARNING * * *
You block Duvessa's attack.
You slash Duvessa!
Duvessa is almost dead.
You block Duvessa's attack.
You slash Duvessa! Your headbutt misses Duvessa.
Duvessa is almost dead.
Duvessa hits you with a +4 short sword of venom!
* * * LOW HITPOINT WARNING * * *
You are lethally poisoned!
Duvessa hits you with a +4 short sword of venom!
You die...

##..)...##
#....#### ####
#...## ##...#
##...# #......
#...####.......
#....##........
##...#.........
##............
#....@....>..
##....e.....#
##........#.
#.......#..
##.....#..#
##...## .#
#...# # ##...


You could see Duvessa (berserk).

Vanquished Creatures
  Sigmund (D:5)
  Eustachio (D:6)
  A water moccasin (D:5)
  An orc warrior (Temple)
  A sky beast (D:6)
  2 ice beasts (D:5)
  A black bear (D:5)
  A phantom (D:5)
  A bullfrog (D:6)
  A necrophage (D:5)
  2 scorpions
  Dowan (D:6)
  A gnoll bouda (D:5)
  An orc priest (D:3)
  Terence (D:2)
  4 iguanas
  4 orc wizards
  8 gnolls
  3 adders
  A shadow imp (D:6)
  3 worms
  A dart slug (D:2)
  11 orcs
  3 endoplasms (D:1)
  2 giant cockroaches
  6 goblins
  5 hobgoblins
  7 jackals
  4 quokkas
  5 ball pythons
  6 bats
  3 frilled lizards
  6 kobolds
  3 rats (D:2)
102 creatures vanquished.

Notes
Turn   | Place    | Note
-------+----------+-------------------------------------------
     0 | D:1      | Peloso the Minotaur Fighter began the quest for the Orb.
     0 | D:1      | Reached XP level 1. HP: 19/19 MP: 0/0
   199 | D:1      | Reached XP level 2. HP: 16/27 MP: 1/1
   453 | D:1      | Reached skill level 4 in Armour
  1090 | D:2      | Reached XP level 3. HP: 26/33 MP: 2/2
  1227 | D:2      | Noticed Terence
  1243 | D:2      | Killed Terence
  1768 | D:2      | Reached XP level 4. HP: 40/40 MP: 3/3
  1878 | D:2      | Found Nufaseil's Magic Scroll Boutique.
  1889 | D:2      | Bought a scroll of identify for 22 gold pieces
  1889 | D:2      | Bought a scroll of noise for 11 gold pieces
  1905 | D:2      | Found Kinaf's Antique Armour Boutique.
  2025 | D:2      | Found a faded altar of an unknown god.
  2491 | D:3      | Reached skill level 5 in Armour
  3358 | D:4      | Reached XP level 5. HP: 22/47 MP: 4/4
  3395 | D:4      | HP: 1/47 [gnoll/+0 flail (6)]
  3854 | D:4      | Found a sparkling altar of Nemelex Xobeh.
  4191 | D:5      | Entered Level 5 of the Dungeon
  4225 | D:5      | Noticed Sigmund
  4244 | D:5      | Killed Sigmund
  4245 | D:5      | Reached skill level 6 in Armour
  4245 | D:5      | Reached XP level 6. HP: 46/53 MP: 5/5
  4367 | D:5      | Reached skill level 5 in Long Blades
  4454 | D:5      | Reached skill level 5 in Shields
  4506 | D:5      | Reached XP level 7. HP: 9/60 MP: 6/6
  4865 | D:4      | Reached skill level 7 in Armour
  5202 | D:5      | Reached skill level 5 in Fighting
  5448 | D:5      | Reached skill level 8 in Armour
  5448 | D:5      | Reached XP level 8. HP: 52/69 MP: 7/7
  6126 | D:6      | Found a staircase to the Ecumenical Temple.
  6143 | Temple   | Entered the Ecumenical Temple
  6158 | Temple   | Became a worshipper of Warmaster Okawaru
  6177 | D:6      | Noticed Eustachio
  6197 | D:6      | Killed Eustachio
  6198 | D:6      | Reached skill level 9 in Armour
  6843 | D:6      | Noticed Dowan
  6844 | D:6      | Noticed Duvessa
  6864 | D:6      | Killed Dowan
  6898 | D:6      | Slain by Duvessa

Illustrated notes

Levels and vault maps discovered:
D:1:      dpeg_arrival_boxorama, layout_basic, minivault_24
D:2:      layout_loops_corners, dreamdust_ecumenical_altar_hidden_monk_grotto,
          serial_shops, shop, shop_statue, uniq_terence
D:3:      layout_basic
D:4:      layout_basic, nemelex_spade_bored_becter
D:5:      layout_basic, uniq_sigmund
D:6:      layout_cave_pods, minmay_temple_entry_waves,
          minmay_a_box_with_orc_wizards_in_it, uniq_maggie, uniq_eustachio,
          uniq_duvessa
Temple:   nicolae_temple_the_god_donut

Skill      XL: |  1  2  3  4  5  6  7  8 |
---------------+-------------------------+-----
Armour         | 4 5 6 8 9 |  9.4
Fighting       | 4 5 6 |  6.1
Long Blades    | 3 4 5 6 8 |  8.0
Shields        | 4 5 |  5.8
Dodging        | |  0.9
Stealth        | |  0.5

Action                   |  1- 3 |  4- 6 |  7- 9 || total
-------------------------+-------+-------+-------++-------
Melee: Long sword        |    70 |   109 |   174 ||   353
       Headbutt          |    12 |    28 |    31 ||    71
  Use: Potion            |     3 |     1 |     3 ||     7
       Scroll            |       |     6 |       ||     6
Armor: Scale mail        |    15 |       |       ||    15
       Chain mail        |    13 |    15 |       ||    28
       Plate armour      |       |    39 |   119 ||   158
Dodge: Dodged            |    30 |    35 |    59 ||   124
Block: Buckler           |    16 |    31 |    45 ||    92
